 Dungeon Crawl Stone Soup version 0.23.2-33-g5129a83184 (webtiles) character file.

Game seed: 3817512540482712746

116 Felnil the Skirmisher (level 4, 0/37 HPs)
             Began as a Mummy Fighter on Aug 8, 2019.
             Was an Initiate of Yredelemnul.
             Slain by an iron imp (4 damage)
             ... summoned by Eustachio
             ... on level 4 of the Dungeon.
             The game lasted 00:08:27 (2430 turns).

Felnil the Skirmisher (Mummy Fighter)               Turns: 2430, Time: 00:08:28

Health: 0/37       AC: 12    Str: 20    XL:     4   Next: 69%
Magic:  4/4        EV:  3    Int:  7    God:    Yredelemnul [......]
Gold:   121        SH:  9    Dex: 11    Spells: 3/3 levels left

rFire    x . .     SeeInvis .   a - +0 war axe
rCold    + . .     Gourm    .   c - +0 shield
rNeg     + + +     Faith    .   h - +1 plate armour (curse)
rPois    ∞         Spirit   .   (no helmet)
rElec    .         Reflect  .   (no cloak)
rCorr    +         Harm     .   (no gloves)
MR       .....                  (no boots)
Stlth    ..........             (no amulet)
HPRegen  0.12/turn              g - ring of resist corrosion
MPRegen  0.09/turn              (no ring)

@: no status effects
A: no food or potions, fire vulnerability, cold resistance 1, negative energy
resistance 3, torment resistance, unbreathing
a: Renounce Religion


You were on level 4 of the Dungeon.
You worshipped Yredelemnul.
Yredelemnul was noncommittal.
You were not hungry.

You visited 1 branch of the dungeon, and saw 4 of its levels.

You collected 121 gold pieces.

Inventory:

Hand Weapons
 a - a +0 war axe (weapon)
Armour
 c - a +0 shield (worn)
 h - a cursed +1 plate armour (worn)
Jewellery
 g - a ring of resist corrosion (left hand)
Scrolls
 b - a scroll of identify


   Skills:
 + Level 3.7 Fighting
 + Level 2.4 Axes
 + Level 3.1 Armour
 + Level 3.0 Shields


You had 3 spell levels left.
You didn't know any spells.
Your spell library was empty.

Dungeon Overview and Level Annotations

Branches:
Dungeon (4/15)
 Temple: D:4-7

Altars:
Elyvilon
Kikubaaqudgha
Nemelex Xobeh
Okawaru
Yredelemnul

Annotations:
D:4 Eustachio


Innate Abilities, Weirdness & Mutations

You do not eat or drink.
Your flesh is vulnerable to fire.
You are immune to poison.
Your flesh is cold resistant. (rC+)
You are immune to negative energy. (rN+++)
You are immune to unholy pain and torment.
You can survive without breathing.


Message History

Eustachio mumbles some strange words.
Eustachio blinks!
You close the door.
A quasit opens the door.
You block the bat's attack.
You are too injured to fight recklessly!
The bat hits you but does no damage.
You closely miss the quasit. You block the quasit's attack.
The quasit barely misses you.
The quasit claws you but does no damage.
You block the quasit's attack.
The quasit claws you but does no damage.
The quasit barely misses you.
Your shield and plate armour prevent you from hitting the quasit.
The quasit disappears in a puff of smoke!
The bat barely misses you.
You barely miss the iron imp.
The iron imp is heavily wounded.
The bat hits you but does no damage. You block the bat's attack.
The iron imp hits you.
You die...
Yredelemnul claims you as an undead slave.

...#.#.#####.#
.............# ##
...#.#......# ...<+.
..........# ....#.##
#.......#
#.....#####.....##
+.....#..........#
#.....#.###......#
#.....#.#.....b@.#
#######.######5########.
##.......#.....@.........
.#.#######......§r.......
.#...# .................
.#...# ................#
.'...# ................#
.#...# ..........#######
.#...# ..........#


You could see Eustachio, an iron imp and a bat.

Vanquished Creatures
  A worker ant (D:4)
  2 adders (D:2)
  2 oozes
  4 dart slugs
  2 leopard geckos
  4 giant cockroaches
  5 goblins
  6 hobgoblins
  5 quokkas (D:2)
  2 ball pythons (D:1)
  6 bats
  3 frilled lizards
  7 kobolds
  5 rats
  4 plants (D:2)
58 creatures vanquished.

Vanquished Creatures (others)
  A plant (D:2)
1 creature vanquished.

Grand Total: 59 creatures vanquished

Notes
Turn   | Place    | Note
-------+----------+-------------------------------------------
     0 | D:1      | Felnil the Mummy Fighter began the quest for the Orb.
     0 | D:1      | Reached XP level 1. HP: 18/18 MP: 1/1
    52 | D:1      | Reached XP level 2. HP: 11/24 MP: 2/2
   522 | D:1      | Reached XP level 3. HP: 28/29 MP: 3/3
   978 | D:2      | Found a basalt altar of Yredelemnul.
  1105 | D:2      | Became a worshipper of Yredelemnul the Dark
  1294 | D:2      | Found a sparkling altar of Nemelex Xobeh.
  1745 | D:2      | Reached XP level 4. HP: 35/35 MP: 4/4
  1966 | D:2      | Found an ancient bone altar of Kikubaaqudgha.
  1980 | D:2      | Found a white marble altar of Elyvilon.
  1984 | D:2      | Found an iron altar of Okawaru.
  2387 | D:4      | Noticed Eustachio
  2430 | D:4      | Slain by an iron imp

Skill      XL: |  1  2  3  4 |
---------------+-------------+-----
Axes           | 2 |  2.4
Armour         | 3 |  3.1
Shields        | 3 |  3.0
Fighting       | |  3.7

Action                   |  1- 3 |  4- 6 || total
-------------------------+-------+-------++-------
Melee: War axe           |   229 |    68 ||   297
  Use: Scroll            |     5 |     1 ||     6
Armor: Scale mail        |    66 |       ||    66
       Plate armour      |    55 |    66 ||   121
Dodge: Dodged            |    44 |    19 ||    63
Block: Shield            |   113 |    52 ||   165
